 Dungeon Crawl Stone Soup version 0.23-a0-33-g1e3a2e4e2f (webtiles) character file.

910 grizzledgrizzly the Cleaver (level 7, -7/61 HPs)
             Began as a Deep Dwarf Fighter on Aug 5, 2018.
             Mangled by an orc warrior
             ... wielding a cursed -1 dire flail
              (17 damage)
             ... on level 4 of the Dungeon.
             The game lasted 00:15:30 (3515 turns).

grizzledgrizzly the Cleaver (Deep Dwarf Fighter)    Turns: 3515, Time: 00:15:30

Health: -7/61      AC:  8    Str: 21    XL:     7   Next: 81%
Magic:  4/4        EV: 10    Int:  9    God:
Gold:   274        SH:  5    Dex: 17    Spells: 6/6 levels left

rFire    . . .     SeeInvis .   h - +1 hand axe (chop)
rCold    . . .     Gourm    .   l - +0 buckler
rNeg     . . .     Faith    .   b - +0 scale mail
rPois    +         Spirit   .   (no helmet)
rElec    .         Reflect  .   (no cloak)
rCorr    .         Harm     .   (no gloves)
MR       +....                  i - +0 pair of boots
Stlth    ..........             n - amulet of the acrobat
HPRegen  0.00/turn              e - ring of poison resistance
MPRegen  0.09/turn              r - +5 ring of dexterity

@: non-regenerating
A: damage resistance, heal wounds, sense surroundings 1, no regeneration
a: Heal Wounds


You were on level 4 of the Dungeon.
You were not hungry.

You visited 1 branch of the dungeon, and saw 5 of its levels.

You collected 274 gold pieces.

Inventory:

Hand Weapons
 a - a +0 war axe
 h - a +1 hand axe of chopping (weapon)
Armour
 b - a +0 scale mail (worn)
 c - a +0 shield
 i - a +0 pair of boots (worn)
 l - a +0 buckler (worn)
Jewellery
 e - a ring of poison resistance (left hand)
 n - an amulet of the acrobat (around neck)
 r - a +5 ring of dexterity (right hand)
 B - an uncursed ring of protection from magic {unknown}
Wands
 t - a wand of paralysis (21)
Scrolls
 j - 4 scrolls of remove curse
 p - a scroll of fog {unknown}
 s - a scroll of enchant armour {unknown}
 u - a scroll of noise {unknown}
 v - 3 scrolls of blinking {unknown}
 y - a scroll of magic mapping {unknown}
 z - a scroll of amnesia {unknown}
 A - a scroll of immolation {unknown}
Potions
 d - 2 potions of might
 g - a potion of curing
 k - a potion of resistance
 o - a potion of degeneration {unknown}
 q - 3 potions of flight
 w - a potion of cancellation {unknown}
 x - 3 potions of haste {unknown}
Comestibles
 f - 2 rations
 m - 7 chunks of flesh


   Skills:
 - Level 2.8 Fighting
 * Level 9.5 Axes
 - Level 3.3 Armour
 - Level 0.9 Dodging
 - Level 4.1 Shields


You had 6 spell levels left.
You didn't know any spells.
Your spell library was empty.

Dungeon Overview and Level Annotations

Branches:
Dungeon (5/15)
 Temple: D:4-7

Altars:
Ashenzari
Sif Muna

Annotations:
D:3 1 runed door, Gerstahl's ghost, amateur DsMo


Innate Abilities, Weirdness & Mutations

You are resistant to damage.
You can heal yourself by infusing magical energy.
You passively map a small area around you.
You do not regenerate.


Message History

You hit the orc warrior but do no damage.
The orc warrior is moderately wounded.
You hit the orc warrior but do no damage.
The orc warrior is moderately wounded.
The orc warrior hits you but does no damage.
You closely miss the orc warrior.
The orc warrior is moderately wounded.
The orc warrior barely misses you.
You hit the orc warrior but do no damage.
The orc warrior is moderately wounded.
The orc warrior barely misses you.
You hit the orc warrior but do no damage.
The orc warrior is moderately wounded.
You hit the orc warrior.
The orc warrior is heavily wounded.
You block the orc warrior's attack.
You hit the orc warrior but do no damage.
The orc warrior is heavily wounded.
The orc warrior hits you with a dire flail!!
You die...

.....##.......#..................
...####...#.)[)..................
.### #...#......................
## #..........................
.## #..........................
..#####..........................
.................................
......##.........................
..##..#.........@)...............
..###.#..........o...............
.## #............................
># ##...........................
.## #.........<.................
..## ##..........................
#..####..........................
##...............................
#.................<..............


You could see an orc warrior.

Vanquished Creatures
  Menkaure (D:4)
  2 ogres (D:5)
  A howler monkey (D:5)
  5 orc wizards
  2 orc priests
  An iguana (D:3)
  7 worker ants
  A hound skeleton (D:4)
  4 adders
  3 gnolls (D:5)
  An ooze (D:4)
  3 worms (D:3)
  2 dart slugs
  A leopard gecko (D:4)
  15 orcs
  6 giant cockroaches
  4 goblins
  10 hobgoblins
  8 jackals (D:3)
  6 kobolds
  4 quokkas
  3 ball pythons
  7 bats
  3 frilled lizards
  9 rats
109 creatures vanquished.

Notes
Turn   | Place    | Note
-------+----------+-------------------------------------------
     0 | D:1      | grizzledgrizzly the Deep Dwarf Fighter began the quest for the Orb.
     0 | D:1      | Reached XP level 1. HP: 20/20 MP: 1/1
   204 | D:1      | Reached XP level 2. HP: 27/27 MP: 2/2
   446 | D:1      | You fall through a shaft!
   516 | D:2      | Reached skill level 3 in Axes
   625 | D:2      | Reached XP level 3. HP: 28/33 MP: 3/3
  1161 | D:3      | Reached XP level 4. HP: 24/40 MP: 4/4
  1206 | D:3      | Found a shattered altar of Ashenzari.
  1310 | D:3      | Reached skill level 4 in Axes
  1336 | D:3      | Found a runed door.
  1336 | D:3      | Noticed Gerstahl's ghost (amateur DsMo)
  1541 | D:3      | Reached XP level 5. HP: 37/48 MP: 5/5
  1635 | D:3      | Reached skill level 5 in Axes
  2155 | D:4      | Reached skill level 6 in Axes
  2194 | D:4      | Reached XP level 6. HP: 13/55 MP: 6/6
  2255 | D:4      | Found a deep blue altar of Sif Muna.
  2321 | D:4      | Noticed Menkaure
  2561 | D:4      | Killed Menkaure
  2561 | D:4      | Reached skill level 7 in Axes
  3245 | D:5      | Entered Level 5 of the Dungeon
  3273 | D:5      | Reached XP level 7. HP: 36/61 MP: 6/6
  3358 | D:5      | Reached skill level 8 in Axes
  3405 | D:5      | Reached skill level 9 in Axes
  3515 | D:4      | Mangled by an orc warrior

Vault maps used:
D:1:      dpeg_arrival_lava_temple_mockup, minivault_4
D:2:      first_ration
D:3:      lemuel_round_altar, hellmonk_ghost_happy_afterlife
D:4:      kennysheep_little_box, uniq_menkaure
D:5:      ebering_ghost_disaster_area

Skill      XL: |  1  2  3  4  5  6  7 |
---------------+----------------------+-----
Axes           | 3 4 6 7 9 |  9.5
Shields        | 4 |  4.1
Fighting       | |  2.8
Armour         | |  3.3
Dodging        | |  0.9

Action                   |  1- 3 |  4- 6 |  7- 9 || total
-------------------------+-------+-------+-------++-------
Melee: War axe           |    94 |    35 |       ||   129
       Hand axe          |       |   161 |    86 ||   247
 Abil: Heal Wounds       |       |     2 |     6 ||     8
  Use: Scroll            |       |     4 |       ||     4
       Potion            |       |     3 |       ||     3
  Eat: Ration            |     1 |     2 |       ||     3
Armor: Scale mail        |    49 |    46 |    25 ||   120
Dodge: Dodged            |    33 |    60 |    28 ||   121
Block: Shield            |    34 |       |       ||    34
       Buckler           |    14 |    49 |    19 ||    82

Table legend:
 A = Spawn XP
 B = Non-spawn XP
 C = Spawn XP percentage of total XP
 D = Spawn monster count
 E = Non-spawn monster count
 F = Spawn count percentage of total count
 G = Total turns spent on level
                    A         B        C        D         E        F      G
               +---------+---------+-------+---------+---------+-------+---------
         Total |       0 |    1300 |   0.0 |       0 |     109 |   0.0 |  3515
               +---------+---------+-------+---------+---------+-------+---------
           D:1 |       0 |      31 |   0.0 |       0 |      18 |   0.0 |   579
           D:2 |       0 |      34 |   0.0 |       0 |      13 |   0.0 |   768
           D:3 |       0 |     183 |   0.0 |       0 |      41 |   0.0 |   913
           D:4 |       0 |     438 |   0.0 |       0 |      16 |   0.0 |  1047
           D:5 |       0 |     614 |   0.0 |       0 |      21 |   0.0 |   208
               +---------+---------+-------+---------+---------+-------+---------
